[ AOE2 MATCH · #505197931 ]
UnrankedPoles vs Italians
Player's team · LOSS
Rival team · WIN
[ REPLAY ANALYSIS · EXTRACTED FROM THE RECORDED GAME ]
Feudal
9:23
Castle
21:47
Imperial
—
| APM avg | 50.3 |
| APM peak | 84 |
| eAPM avg | 18.8 |
| Villagers / military | 94 / 40 |
Focus
⚔️ 31.4% · 🌾 68.6%
Skirmisher ×18 · Archer ×16 · Scout Cavalry ×3 · Monk ×1 · Mangonel ×1 · Spearman ×1
Feudal
12:45
Castle
18:20
Imperial
32:11
| APM avg | 49.8 |
| APM peak | 93 |
| eAPM avg | 23.0 |
| Villagers / military | 82 / 31 |
Focus
⚔️ 28.9% · 🌾 71.1%
Genoese Crossbowman ×24 · Mangonel ×3 · Trebuchet (Packed) ×3 · Monk ×1
Match map
Initial resources + every placement click. Lines = walls · curves = elevation contours. ◆ gold · ⬟ stone · ● berries · ✦ relic · ◌ wall gap
Your base· Open — 6t gap
Molle's base· ✓ Closed at 18:20 · 63t walls · 2 gate(s)
Smoothed initial terrain · ◌ = detected wall gap · hover for details
Inputs per minute
— chandu champion - - Molle
Build order — chandu champion
First 150 of 248 actions detected
| 0:00 | Queue | Villager (Male) |
| 0:01 | Queue | Villager (Male) |
| 0:01 | Queue | Villager (Male) |
| 0:02 | Build | House |
| 0:03 | Build | House |
| 0:11 | Queue | Villager (Male) |
| 0:11 | Queue | Villager (Male) |
| 1:23 | Queue | Villager (Male) |
| 1:48 | Queue | Villager (Male) |
| 2:04 | Build | Lumber Camp |
| 2:21 | Queue | Villager (Male) |
| 2:48 | Queue | Villager (Male) |
| 2:59 | Queue | Villager (Male) |
| 3:31 | Build | House |
| 3:36 | Queue | Villager (Male) |
| 3:53 | Build | Palisade Wall |
| 3:55 | Build | Palisade Wall |
| 3:59 | Queue | Villager (Male) |
| 3:59 | Queue | Villager (Male) |
| 4:24 | Queue | Villager (Male) |
| 4:42 | Queue | Villager (Male) |
| 5:05 | Build | Mill |
| 5:31 | Queue | Villager (Male) |
| 5:45 | Queue | Villager (Male) |
| 5:46 | Research | Loom |
| 5:59 | Queue | Villager (Male) |
| 6:48 | Queue | Villager (Male) |
| 7:01 | Research | Feudal Age |
| 7:11 | Build | House |
| 7:14 | Build | Palisade Wall |
| 7:39 | Queue | Villager (Male) |
| 7:57 | Build | Palisade Wall |
| 8:03 | Build | Palisade Wall |
| 8:10 | Build | Palisade Wall |
| 8:10 | Build | Palisade Wall |
| 8:30 | Queue | Villager (Male) |
| 8:35 | Build | Barracks |
| 8:40 | Queue | Villager (Male) |
| 8:43 | Build | Palisade Wall |
| 8:44 | Build | Palisade Wall |
| 8:58 | Queue | Villager (Male) |
| 9:16 | Queue | Villager (Male) |
| 9:23 | Age | Feudal Age |
| 9:26 | Build | Stable |
| 9:28 | Queue | Villager (Male) |
| 9:38 | Research | Double-Bit Axe |
| 9:40 | Build | House |
| 9:58 | Research | Horse Collar |
| 10:07 | Queue | Spearman |
| 10:11 | Queue | Villager (Male) |
| 10:11 | Queue | Scout Cavalry |
| 10:13 | Build | House |
| 10:15 | Build | Palisade Wall |
| 10:18 | Queue | Villager (Male) |
| 10:34 | Queue | Scout Cavalry |
| 10:47 | Build | House |
| 10:56 | Queue | Villager (Male) |
| 11:14 | Queue | Villager (Male) |
| 11:19 | Build | Watch Tower |
| 11:24 | Queue | Villager (Male) |
| 11:35 | Queue | Scout Cavalry |
| 12:02 | Queue | Villager (Male) |
| 12:04 | Build | Mining Camp |
| 12:22 | Queue | Villager (Male) |
| 12:38 | Queue | Villager (Male) |
| 12:43 | Build | House |
| 12:57 | Queue | Villager (Male) |
| 13:11 | Build | Archery Range |
| 13:37 | Queue | Villager (Male) |
| 13:41 | Build | Mining Camp |
| 13:53 | Queue | Villager (Male) |
| 14:07 | Build | Watch Tower |
| 14:16 | Queue | Villager (Male) |
| 14:18 | Queue | Archer |
| 14:32 | Queue | Skirmisher |
| 14:33 | Build | House |
| 14:38 | Queue | Villager (Male) |
| 14:55 | Queue | Archer |
| 15:10 | Build | Mining Camp |
| 15:14 | Queue | Villager (Male) |
| 15:18 | Build | Blacksmith |
| 15:25 | Queue | Archer |
| 15:31 | Build | Farm |
| 15:32 | Build | Farm |
| 15:41 | Queue | Villager (Male) |
| 15:55 | Queue | Archer |
| 16:07 | Research | Fletching |
| 16:07 | Queue | Villager (Male) |
| 16:11 | Build | Farm |
| 16:24 | Queue | Archer |
| 16:34 | Build | Watch Tower |
| 16:38 | Queue | Archer |
| 16:58 | Queue | Villager (Male) |
| 17:00 | Build | Farm |
| 17:27 | Queue | Villager (Male) |
| 17:30 | Build | Farm |
| 17:40 | Queue | Villager (Male) |
| 17:42 | Build | Farm |
| 17:59 | Queue | Villager (Male) |
| 18:09 | Build | Farm |
| 18:17 | Build | Watch Tower |
| 18:23 | Queue | Villager (Male) |
| 18:28 | Queue | Villager (Male) |
| 19:00 | Queue | Villager (Male) |
| 19:04 | Research | Castle Age |
| 19:12 | Build | Archery Range |
| 19:33 | Build | House |
| 19:47 | Queue | Skirmisher |
| 19:52 | Build | House |
| 19:52 | Build | House |
| 19:57 | Build | Palisade Wall |
| 20:05 | Build | Mining Camp |
| 20:15 | Queue | Skirmisher |
| 20:43 | Queue | Skirmisher |
| 20:51 | Queue | Villager (Male) |
| 21:00 | Research | Padded Archer Armor |
| 21:04 | Queue | Villager (Male) |
| 21:07 | Build | Watch Tower |
| 21:11 | Build | Watch Tower |
| 21:20 | Build | Farm |
| 21:30 | Build | House |
| 21:32 | Build | Palisade Wall |
| 21:37 | Queue | Skirmisher |
| 21:38 | Queue | Villager (Male) |
| 21:47 | Age | Castle Age |
| 21:55 | Build | Farm |
| 21:57 | Build | University |
| 22:05 | Research | Elite Skirmisher (upgrade) |
| 22:05 | Queue | Villager (Male) |
| 22:06 | Queue | Villager (Male) |
| 22:18 | Build | Farm |
| 22:20 | Queue | Villager (Male) |
| 22:28 | Queue | Skirmisher |
| 22:31 | Build | House |
| 22:33 | Build | Palisade Wall |
| 22:41 | Research | Bow Saw |
| 22:49 | Queue | Villager (Male) |
| 22:59 | Build | Farm |
| 23:10 | Build | House |
| 23:11 | Build | Palisade Wall |
| 23:17 | Queue | Skirmisher |
| 23:21 | Queue | Villager (Male) |
| 23:34 | Queue | Skirmisher |
| 23:40 | Research | Ballistics |
| 23:41 | Queue | Villager (Male) |
| 23:48 | Queue | Skirmisher |
| 24:00 | Queue | Villager (Male) |
| 24:06 | Build | Watch Tower |
| 24:14 | Queue | Skirmisher |
| 24:29 | Build | Farm |
Build order — Molle
First 150 of 232 actions detected
| 0:00 | Queue | Villager (Male) |
| 0:01 | Queue | Villager (Male) |
| 0:01 | Queue | Villager (Male) |
| 0:02 | Build | House |
| 0:03 | Build | House |
| 1:05 | Queue | Villager (Male) |
| 1:24 | Queue | Villager (Male) |
| 1:47 | Build | Lumber Camp |
| 1:55 | Queue | Villager (Male) |
| 2:26 | Queue | Villager (Male) |
| 3:00 | Build | House |
| 3:03 | Queue | Villager (Male) |
| 3:17 | Queue | Villager (Male) |
| 3:38 | Queue | Villager (Male) |
| 4:10 | Queue | Villager (Male) |
| 4:39 | Queue | Villager (Male) |
| 4:47 | Build | Mill |
| 5:09 | Queue | Villager (Male) |
| 5:29 | Queue | Villager (Male) |
| 5:45 | Queue | Villager (Male) |
| 5:54 | Queue | Villager (Male) |
| 5:59 | Build | Mill |
| 6:11 | Queue | Villager (Male) |
| 6:16 | Build | House |
| 6:31 | Build | House |
| 6:51 | Build | House |
| 6:55 | Build | Palisade Wall |
| 7:00 | Build | Palisade Wall |
| 7:02 | Build | Palisade Wall |
| 7:06 | Build | Palisade Wall |
| 7:11 | Queue | Villager (Male) |
| 7:21 | Queue | Villager (Male) |
| 7:31 | Build | Palisade Wall |
| 7:59 | Queue | Villager (Male) |
| 8:09 | Build | Palisade Wall |
| 8:13 | Build | Palisade Wall |
| 8:16 | Queue | Villager (Male) |
| 8:45 | Build | Palisade Wall |
| 8:52 | Queue | Villager (Male) |
| 9:11 | Build | Lumber Camp |
| 9:17 | Build | Palisade Wall |
| 9:20 | Queue | Villager (Male) |
| 9:28 | Build | Palisade Gate |
| 9:32 | Queue | Villager (Male) |
| 10:03 | Build | Mining Camp |
| 10:08 | Research | Loom |
| 10:12 | Research | Feudal Age |
| 10:19 | Build | Mining Camp |
| 10:31 | Build | Farm |
| 12:20 | Queue | Villager (Male) |
| 12:22 | Build | Farm |
| 12:45 | Age | Feudal Age |
| 12:47 | Build | Watch Tower |
| 12:51 | Queue | Villager (Male) |
| 13:00 | Build | Blacksmith |
| 13:07 | Build | Market |
| 13:15 | Queue | Villager (Male) |
| 13:17 | Build | Palisade Wall |
| 13:37 | Queue | Villager (Male) |
| 13:45 | Queue | Villager (Male) |
| 14:04 | Build | Palisade Wall |
| 14:06 | Build | Palisade Wall |
| 14:09 | Queue | Villager (Male) |
| 14:14 | Build | Farm |
| 14:17 | Build | Farm |
| 14:29 | Build | House |
| 14:32 | Build | House |
| 14:33 | Queue | Villager (Male) |
| 14:38 | Build | Farm |
| 14:44 | Queue | Villager (Male) |
| 14:52 | Build | Palisade Wall |
| 15:00 | Queue | Villager (Male) |
| 15:06 | Build | House |
| 15:40 | Research | Castle Age |
| 16:12 | Research | Double-Bit Axe |
| 16:17 | Build | House |
| 16:18 | Build | House |
| 17:01 | Build | Farm |
| 17:02 | Build | Farm |
| 17:16 | Build | House |
| 17:20 | Build | House |
| 17:21 | Build | House |
| 17:25 | Build | Palisade Gate |
| 17:27 | Build | House |
| 17:32 | Build | Stone Wall |
| 17:42 | Queue | Villager (Male) |
| 18:20 | Age | Castle Age |
| 18:30 | Build | Castle |
| 18:43 | Build | House |
| 18:49 | Queue | Villager (Male) |
| 18:50 | Research | Bow Saw |
| 18:56 | Research | Scale Barding Armor |
| 19:22 | Build | Palisade Gate |
| 19:27 | Queue | Genoese Crossbowman |
| 19:27 | Queue | Genoese Crossbowman |
| 19:44 | Queue | Villager (Male) |
| 19:45 | Queue | Genoese Crossbowman |
| 20:00 | Queue | Villager (Male) |
| 20:07 | Build | Outpost |
| 20:23 | Queue | Genoese Crossbowman |
| 20:23 | Queue | Villager (Male) |
| 20:26 | Build | Farm |
| 20:33 | Research | Fletching |
| 20:36 | Build | Palisade Gate |
| 20:36 | Queue | Villager (Male) |
| 20:39 | Build | House |
| 20:41 | Build | Palisade Wall |
| 20:48 | Queue | Villager (Male) |
| 20:52 | Build | Mining Camp |
| 20:59 | Research | Town Watch |
| 21:14 | Queue | Genoese Crossbowman |
| 21:15 | Queue | Villager (Male) |
| 21:22 | Queue | Villager (Male) |
| 21:36 | Queue | Genoese Crossbowman |
| 21:54 | Queue | Villager (Male) |
| 21:58 | Build | Siege Workshop |
| 22:07 | Queue | Villager (Male) |
| 22:09 | Build | Farm |
| 22:10 | Build | Farm |
| 22:15 | Queue | Genoese Crossbowman |
| 22:23 | Build | Farm |
| 22:24 | Build | Farm |
| 22:45 | Queue | Mangonel |
| 22:53 | Queue | Genoese Crossbowman |
| 22:53 | Queue | Villager (Male) |
| 22:59 | Queue | Villager (Male) |
| 23:03 | Build | House |
| 23:20 | Build | Farm |
| 23:21 | Queue | Genoese Crossbowman |
| 23:34 | Queue | Villager (Male) |
| 23:36 | Queue | Villager (Male) |
| 23:47 | Queue | Villager (Male) |
| 23:48 | Build | Farm |
| 23:54 | Research | Bodkin Arrow |
| 24:04 | Queue | Mangonel |
| 24:14 | Queue | Villager (Male) |
| 24:25 | Queue | Genoese Crossbowman |
| 24:26 | Queue | Villager (Male) |
| 24:49 | Queue | Villager (Male) |
| 24:50 | Queue | Genoese Crossbowman |
| 24:51 | Queue | Villager (Male) |
| 25:00 | Queue | Genoese Crossbowman |
| 25:00 | Queue | Villager (Male) |
| 25:04 | Build | Farm |
| 25:06 | Queue | Villager (Male) |
| 25:18 | Queue | Villager (Male) |
| 25:19 | Queue | Genoese Crossbowman |
| 25:30 | Build | Outpost |
| 25:44 | Queue | Genoese Crossbowman |
| 25:44 | Queue | Villager (Male) |
Match timeline
| 3:53 | chandu champion · wall_segment Palisade Wall x1 |
| 3:55 | chandu champion · wall_segment Palisade Wall x1 |
| 6:55 | Molle · wall_segment Palisade Wall x8 |
| 7:00 | Molle · wall_segment Palisade Wall x4 |
| 7:02 | Molle · wall_segment Palisade Wall x1 |
| 7:06 | Molle · wall_segment Palisade Wall x6 |
| 7:14 | chandu champion · wall_segment Palisade Wall x13 |
| 7:31 | Molle · wall_segment Palisade Wall x15 |
| 7:57 | chandu champion · wall_segment Palisade Wall x4 |
| 8:03 | chandu champion · wall_segment Palisade Wall x5 |
| 8:09 | Molle · wall_segment Palisade Wall x1 |
| 8:10 | chandu champion · wall_segment Palisade Wall x3 |
| 8:10 | chandu champion · wall_segment Palisade Wall x1 |
| 8:13 | Molle · wall_segment Palisade Wall x16 |
| 8:35 | chandu champion · first_building Barracks |
| 8:43 | chandu champion · wall_segment Palisade Wall x1 |
| 8:44 | chandu champion · wall_segment Palisade Wall x1 |
| 8:45 | Molle · wall_segment Palisade Wall x5 |
| 9:17 | Molle · wall_segment Palisade Wall x5 |
| 9:23 | chandu champion · age_up feudal |
| 9:26 | chandu champion · first_building Stable |
| 10:15 | chandu champion · wall_segment Palisade Wall x8 |
| 12:45 | Molle · age_up feudal |
| 13:11 | chandu champion · first_building Archery Range |
| 13:17 | Molle · wall_segment Palisade Wall x1 |
| 14:04 | Molle · wall_segment Palisade Wall x2 |
| 14:06 | Molle · wall_segment Palisade Wall x2 |
| 14:52 | Molle · wall_segment Palisade Wall x1 |
| 15:13 | Molle · first_market_buy 100 food |
| 15:14 | Molle · first_market_sell 500 wood |
| 17:32 | Molle · wall_segment Stone Wall x1 |
| 18:20 | Molle · age_up castle |
| 18:30 | Molle · first_building Castle |
| 19:57 | chandu champion · wall_segment Palisade Wall x5 |
| 20:41 | Molle · wall_segment Palisade Wall x2 |
| 21:32 | chandu champion · wall_segment Palisade Wall x4 |
| 21:47 | chandu champion · age_up castle |
| 21:58 | Molle · first_building Siege Workshop |
| 22:33 | chandu champion · wall_segment Palisade Wall x4 |
| 23:11 | chandu champion · wall_segment Palisade Wall x1 |
| 24:54 | chandu champion · first_building Siege Workshop |
| 27:35 | chandu champion · first_market_buy 100 food |
| 27:39 | chandu champion · first_market_sell 100 stone |
| 29:02 | chandu champion · first_building Monastery |
| 29:42 | Molle · wall_segment Stone Wall x1 |
| 30:19 | Molle · first_building Monastery |
| 32:02 | chandu champion · first_building Castle |
| 32:11 | Molle · age_up imperial |
| 34:46 | chandu champion · resign |
[ AI ANALYSIS · 1 CREDIT ]
What really happened in this match?
Wolo.gg analyzes every decision: build order, eco, micro, common mistakes by bracket. Personalized analysis on WhatsApp or Discord in 30 seconds.
Civ guide
Poles
Perfil
Jugador #974876